 Dungeon Crawl Stone Soup version 0.29-a0-716-gf28ee254f9 (webtiles) character file.

Game seed: 2984060798045893839

896 Conn the Sneak (level 8, -4/48 HPs)
             Began as an Octopode Fire Elementalist on June 26, 2022.
             Slain by an unseen horror simulacrum (9 damage)
             ... on level 6 of the Dungeon.
             The game lasted 00:12:09 (5627 turns).

Conn the Sneak (Octopode Fire Elementalist)         Turns: 5627, Time: 00:12:09

Health: -4/48      AC:  1    Str:  8    XL:     8   Next: 7%
Magic:  8/13       EV: 13    Int: 19    God:
Gold:   271        SH:  0    Dex: 12    Spells: 1/14 levels left

rFire   . . .      SeeInvis .   a - +1 rapier (protect)
rCold   . . .      Faith    .   (no shield)
rNeg    + . .      Spirit   .   (helmet restricted)
rPois   +          Reflect  .   (no amulet)
rElec   .          Harm     .   r - ring of positive energy
rCorr   .          Rampage  .   u - ring of poison resistance
Will    .....                   (no ring)
Stlth   ++++......              (no ring)
HPRegen 0.16/turn               (no ring)
MPRegen 0.13/turn               (no ring)
                                (no ring)
                                (no ring)

@: no status effects
A: almost no armour, amphibious, 8 rings, camouflage 1, gelatinous body 1,
(nimble swimmer 1), tentacles
a: no special abilities


You were on level 6 of the Dungeon.
You visited 1 branch of the dungeon, and saw 6 of its levels.

You collected 271 gold pieces.

Inventory:

Hand Weapons
 a - a +1 rapier of protection (weapon)
 b - a +1 sling of flaming
 h - a +0 dagger
Missiles
 e - 47 stones
 s - a throwing net
Jewellery
 r - a ring of positive energy (left tentacle)
 u - a ring of poison resistance (right tentacle)
Wands
 l - a wand of charming (27)
Scrolls
 d - 3 scrolls of vulnerability {unknown}
 f - 3 scrolls of blinking {unknown}
 g - a scroll of fear {unknown}
 i - 9 scrolls of identify {unknown}
 j - 4 scrolls of teleportation {unknown}
 m - a scroll of enchant weapon {unknown}
 n - 2 scrolls of amnesia {unknown}
 q - a scroll of magic mapping {unknown}
 w - a scroll of immolation {unknown}
 x - a scroll of poison {unknown}
 y - 2 scrolls of torment {unknown}
Potions
 c - a potion of magic
 k - 2 potions of might {unknown}
 o - 4 potions of curing {unknown}
 p - 2 potions of resistance {unknown}
 t - a potion of heal wounds {unknown}
 v - 2 potions of mutation {unknown}
 z - a potion of berserk rage {unknown}
 A - a potion of invisibility {unknown}
 B - a potion of degeneration {unknown}


   Skills:
 + Level 1.3 Fighting
 + Level 3.6 Short Blades
 + Level 0.3 Ranged Weapons
 + Level 3.1 Dodging
 + Level 5.4 Stealth
 + Level 3.7 Spellcasting
 + Level 3.6 Conjurations
 + Level 4.9 Fire Magic
 + Level 0.5 Evocations


You had one spell level left.
You knew the following spells:

 Your Spells              Type           Power      Damage    Failure   Level
a - Foxfire               Conj/Fire      76%        2x1d7     2%          1
b - Conjure Flame         Conj/Fire      19%        6-21      8%          3
c - Inner Flame           Hex/Fire       12%        N/A       16%         3
d - Flame Wave            Conj/Fire      19%        2d6       24%         4
e - Scorch                Fire           44%        2d7       2%          2

Your spell library contained the following spells:

 Spells                   Type           Power      Damage    Failure   Level
 Slow                     Hex            12%        N/A       14%         1
 Sublimation of Blood     Necr           3%         N/A       22%         2
 Confusing Touch          Hex            3%         N/A       38%         3
 Vampiric Draining        Necr           3%         2d6       38%         3
 Hailstorm                Conj/Ice       10%        3d5       54%         4
 Ice Form                 Ice/Tmut       3%         N/A       80%         4
 Petrify                  Tmut/Erth      3%         N/A       80%         4
 Irradiate                Conj/Tmut      5%         3d15      88%         5
 Simulacrum               Ice/Necr       1%         N/A       100%        6


Dungeon Overview and Level Annotations

Branches:
Dungeon (6/15)
 Temple: D:4-7

Altars:
Cheibriados
Fedhas
Vehumet

Annotations:
D:6 HessuHobo's ghost, novice GrFi


Innate Abilities, Weirdness & Mutations

You cannot wear most types of armour.
You are amphibious.
You can wear up to eight rings at the same time.
Your skin changes colour to match your surroundings (Stealth+).
Your rubbery body absorbs attacks. (AC +1, EV +1)
((You are camouflaged when in or above water. (Stealth+)))
You have tentacles for arms and can constrict up to eight enemies at once.


Message History

Casting: Scorch (safe; 2% risk of failure)
Confirm with . or Enter, or press ? or * to list all spells.
Okay, then.
The unseen horror skeleton attacks as you move away!
The unseen horror skeleton hits you. x3
Casting: Scorch (safe; 2% risk of failure)
Confirm with . or Enter, or press ? or * to list all spells.
The spell is quite dangerous to miscast (24% risk of failure)!
Continue anyway?
Casting: Flame Wave (quite dangerous; 24% risk of failure)
Press: ? - help, Dir - look around, f - activate A wave of flame ripples out!
The flame wave engulfs the unseen horror simulacrum but does no damage.
The flame wave engulfs the unseen horror skeleton.
The unseen horror skeleton is lightly damaged. (Press . to intensify the flame waves.)
The orc shouts!
The unseen horror skeleton hits you.
The unseen horror simulacrum misses you.
The unseen horror skeleton closely misses you.
The unseen horror simulacrum hits you.
The unseen horror simulacrum freezes you!
* * * LOW HITPOINT WARNING * * *
The unseen horror skeleton closely misses you.
The unseen horror simulacrum closely misses you.
A wave of flame ripples out!
The flame wave engulfs the unseen horror simulacrum!
The unseen horror simulacrum melts!
The unseen horror simulacrum is heavily damaged.
The flame wave engulfs the unseen horror skeleton!
The unseen horror skeleton is moderately damaged.
The flame wave engulfs the orc.
The orc is almost dead.
The unseen horror skeleton completely misses you.
The unseen horror simulacrum misses you.
The unseen horror skeleton hits you.
* * * LOW HITPOINT WARNING * * *
The unseen horror simulacrum hits you.
* * * LOW HITPOINT WARNING * * *
The unseen horror simulacrum freezes you!
You die...

#..##.# #.D## #.###.######...# .
#.# #....#...#.#### #.#
####...###..... ###############.#
##..# #####. ..#.#.. #.......#
#### ## #.$?[.##..#####.##
######## .......# #..# ##.......
#.....## ###@### ####..#....#
Z.Z....# #oZZ..# #....[..###.
##ZZ'### #.#.#..##.....###...
#Wo...# ###......##....=###...
#.....###......#.#...............
.Z........####.....###########...
####.###### ####### #... # #...
#### # ###...


You could see an unseen horror simulacrum, an orc and an unseen horror skeleton.

Vanquished Creatures
  Sigmund (D:2)
  3 scorpions
  2 jellies
  3 hounds (D:5)
  An orc priest (D:5)
  Natasha (thrice) (D:4)
  2 iguanas (D:5)
  An orc wizard (D:3)
  A gnoll (D:6)
  4 adders
  2 ufetubi
  A worm (D:5)
  4 dart slugs
  14 orcs
  9 ball pythons
  7 bats
  An endoplasm (D:3)
  A giant cockroach (D:4)
  2 goblins (D:1)
  4 hobgoblins
  3 jackals (D:2)
  4 kobolds
  5 quokkas
  4 frilled lizards
  6 rats
88 creatures vanquished.

Vanquished Creatures (collateral kills)
  2 iguanas (D:6)
  2 gnolls (D:6)
4 creatures vanquished.

Vanquished Creatures (others)
  Blork the orc (D:6)
  221 foxfires
222 creatures vanquished.

Grand Total: 314 creatures vanquished

Notes
Turn   | Place    | Note
-------+----------+-------------------------------------------
     0 | D:1      | Conn the Octopode Fire Elementalist began the quest for the
                  | Orb.
     0 | D:1      | Reached XP level 1. HP: 11/11 MP: 3/3
   284 | D:1      | Reached XP level 2. HP: 17/17 MP: 0/5
   934 | D:1      | Reached XP level 3. HP: 21/21 MP: 3/6
  1097 | D:2      | Noticed Sigmund
  1106 | D:2      | Killed Sigmund
  1107 | D:2      | Reached skill level 1 in Short Blades
  1107 | D:2      | Reached skill level 3 in Stealth
  1107 | D:2      | Reached XP level 4. HP: 27/27 MP: 0/8
  1107 | D:2      | Reached XP level 5. HP: 32/32 MP: 0/9
  1743 | D:2      | Found a faded altar of an unknown god.
  1978 | D:3      | Reached skill level 4 in Stealth
  2056 | D:3      | Reached XP level 6. HP: 37/37 MP: 7/10
  2185 | D:3      | You fall into a shaft and drop 1 floor!
  2328 | D:3      | Found a blossoming altar of Fedhas.
  2787 | D:3      | Found a snail-covered altar of Cheibriados.
  2914 | D:3      | Learned a level 2 spell: Scorch
  2918 | D:3      | Learned a level 3 spell: Conjure Flame
  2922 | D:3      | Learned a level 3 spell: Inner Flame
  2999 | D:4      | Reached skill level 1 in Fighting
  3528 | D:4      | Noticed Natasha
  3538 | D:4      | Killed Natasha
  3587 | D:4      | Noticed Natasha
  3594 | D:4      | Killed Natasha
  3666 | D:4      | Noticed Natasha
  3670 | D:4      | Killed Natasha
  3671 | D:4      | Reached XP level 7. HP: 21/43 MP: 6/11
  4174 | D:5      | Entered Level 5 of the Dungeon
  4216 | D:5      | Found a radiant altar of Vehumet.
  4475 | D:5      | Reached skill level 5 in Stealth
  4903 | D:6      | Noticed Blork the orc
  4914 | D:6      | Found a runed translucent gate.
  4914 | D:6      | Found a runed translucent gate.
  4914 | D:6      | Found a runed translucent gate.
  4963 | D:6      | Noticed HessuHobo's ghost (novice GrFi)
  5002 | D:6      | Your ally Blork the orc died
  5333 | D:6      | Learned a level 4 spell: Flame Wave
  5375 | D:6      | Noticed a steam dragon
  5384 | D:6      | Reached XP level 8. HP: 10/45 MP: 8/13
  5627 | D:6      | Slain by an unseen horror simulacrum

Illustrated notes

Levels and vault maps discovered:
D:1:      ncdulo_wetmaze, layout_basic, serial_glass, glass_columns_b,
          glass_columns_a, glass_columns_c, glass_columns_c, glass_columns_a,
          glass_columns_b, kennysheep_crisscross
D:2:      layout_loops_ring, shapermc_ecumenical_altar_mp_vishouse, uniq_sigmund
D:3:      cheibrodos_old_hovel, layout_basic, mainiacjoe_overflow_paths,
          fedhas_altar_2, serial_glass, glass_columns_c, glass_columns_a,
          glass_columns_b, glass_columns_b, glass_columns_a, glass_columns_a,
          glass_columns_c, glass_columns_c, glass_columns_c, glass_columns_b,
          minmay_strange_pillars, hangedman_abyss_or_decor_stabs
D:4:      layout_loops_ring, nicolae_elevator_lobby_asterisk, uniq_natasha
D:5:      layout_cave_pools, nicolae_vehumet_altar_sigil
D:6:      layout_rooms, temple_green, serial_glass, glass_columns_a,
          glass_columns_c, gammafunk_ghost_necromancy, uniq_blork_the_orc

Skill      XL: |  1  2  3  4  5  6  7 |
---------------+----------------------+-----
Short Blades   | 1 2 3 |  3.6
Stealth        | 3 4 5 |  5.4
Fire Magic     | 4 |  4.9
Conjurations   | 2 3 |  3.6
Spellcasting   | 3 |  3.7
Fighting       | 1 |  1.3
Dodging        | 3 |  3.1
Ranged Weapons | |  0.3
Evocations     | |  0.5

Action                   |  1- 3 |  4- 6 |  7- 9 || total
-------------------------+-------+-------+-------++-------
Melee: Rapier            |     8 |    62 |    26 ||    96
       Dagger            |     7 |       |       ||     7
       Constrict         |     3 |     9 |     9 ||    21
       Tentacles         |     2 |    12 |     6 ||    20
       Punch             |       |     1 |     1 ||     2
 Fire: Sling             |     2 |       |       ||     2
 Cast: Foxfire           |    30 |    52 |    45 ||   127
       Scorch            |       |     1 |     1 ||     2
       Flame Wave        |       |       |     1 ||     1
Evoke: Wand              |       |       |     4 ||     4
 Stab: Sleeping          |     2 |     9 |     3 ||    14
Armor: Skin              |     2 |    18 |     7 ||    27
Dodge: Dodged            |     8 |    35 |    30 ||    73

Table legend: (Time is in decaauts)
 A = Elapsed time spent in this place.
 B = Non-inter-level travel time spent in this place.
 C = Inter-level travel time spent in this place.
 D = Time resting spent in this place.
 E = Time spent auto-exploring this place.
 F = Levels seen in this place.
 G = Mean time per level.
                   A        B        C        D        E       F      G
               +--------+--------+--------+--------+--------+-----+--------+
         Total |   5637 |   5410 |    227 |      0 |   4407 |   6 |  939.5 |
       Dungeon |   5637 |   5410 |    227 |      0 |   4407 |   6 |  939.5 |
               +--------+--------+--------+--------+--------+-----+--------+

Top non-repeatable levels by time:
     D:4: 1270 daAuts
     D:1: 1058 daAuts
     D:3: 995 daAuts
     D:5: 977 daAuts
     D:2: 858 daAuts
     D:6: 476 daAuts
